 Dungeon Crawl Stone Soup version 0.30.0-30-g96aa6591b8 (webtiles) character file.

Game seed: 7496285723720626373

4303 tswift the Cleaver (level 10, 0/90 HPs)
             Began as a Minotaur Fighter on June 30, 2023.
             Was an Elder of Okawaru.
             Killed from afar by a steam dragon (8 damage)
             ... with a ball of steam
             ... on level 9 of the Dungeon on July 1, 2023.
             The game lasted 01:19:38 (9695 turns).

tswift the Cleaver (Minotaur Fighter)               Turns: 9695, Time: 01:19:39

Health: 0/90       AC: 12    Str: 25    XL:     10   Next: 11%
Magic:  0/9        EV:  8    Int:  5    God:    Okawaru [****..]
Gold:   281        SH:  6    Dex: 10    Spells: 9/9 levels left

rFire   . . .        u - +2 war axe (freeze)
rCold   . . .        c - +0 buckler
rNeg    . . .        D - +0 chain mail
rPois   .            (helmet restricted)
rElec   .            o - +0 cloak
rCorr   +            (no gloves)
SInv    .            (no boots)
Will    .....        t - amulet of guardian spirit Stlth
                     h - ring of resist corrosion
HPRegen 0.35/turn    (no ring)
MPRegen 0.11/turn

%: guardian spirit
@: no status effects
A: horns 2, retaliatory headbutt
a: Renounce Religion, Heroism, Finesse


You were on level 9 of the Dungeon.
You worshipped Okawaru.
Okawaru was greatly pleased with you.
You visited 1 branch of the dungeon, and saw 9 of its levels.

You collected 398 gold pieces.
You spent 117 gold pieces at shops.

Inventory:

Hand Weapons
 b - a +4 great sword
 d - a +1 scythe of protection
 u - a +2 war axe of freezing (weapon)
 y - a +0 shortbow
 A - a +3 flail
 B - a +2 vampiric long sword
 G - a +0 halberd of venom
Missiles
 a - 8 poisoned darts
 f - 108 stones (quivered)
 H - a curare-tipped dart
Armour
 c - a +0 buckler (worn)
 o - a +0 cloak (worn)
 D - a +0 chain mail (worn)
Jewellery
 h - a ring of resist corrosion (left hand)
 n - a ring of fire
 r - an amulet of magic regeneration
 t - an amulet of guardian spirit (around neck)
Wands
 k - a wand of roots (14)
 z - a wand of flame (16)
 K - a wand of quicksilver (8)
Scrolls
 e - a scroll of fear {unknown}
 g - 5 scrolls of identify
 i - a scroll of enchant armour
 w - 2 scrolls of vulnerability
 x - a scroll of magic mapping {unknown}
 I - a scroll of torment {unknown}
Potions
 j - a potion of haste
 l - 3 potions of flight {unknown}
 m - 2 potions of berserk rage {unknown}
 p - 2 potions of resistance
 q - a potion of cancellation
 v - 2 potions of ambrosia
 C - a potion of attraction {unknown}
 E - a potion of might
 F - a potion of mutation {unknown}
 J - a potion of magic {unknown}


   Skills:
 + Level 8.7 Fighting
 * Level 11.4 Axes
 + Level 8.7 Armour
 + Level 8.7 Shields


You had 9 spell levels left.
You didn't know any spells.
Your spell library contained the following spells:

 Spells                   Type           Power      Damage    Failure   Level
 Beastly Appendage        Tmut           0%         N/A       95%         1
 Shock                    Conj/Air       0%         1d3       95%         1
 Wereblood                Tmut           0%         N/A       98%         2
 Dazzling Flash           Conj/Hex       0%         N/A       100%        3
 Spider Form              Tmut/Pois      0%         N/A       100%        3
 Swiftness                Air            0%         N/A       100%        3
 Volatile Blastmotes      Fire/Tloc      0%         2d10      100%        3
 Airstrike                Air            0%         2d(0-16)  100%        4
 Iskenderun's Mystic Bla  Conj/Tloc      0%         2d3       100%        4
 Starburst                Conj/Fire      0%         6d3       100%        6


Dungeon Overview and Level Annotations

Branches:
Dungeon (9/15)             Temple (0/1) D:6
   Lair: D:8-11         Orc: D:9-12

Altars:
Fedhas
Okawaru
Qazlal
Sif Muna
Trog
Xom
Zin

Shops:
D:2 (


Innate Abilities, Weirdness & Mutations

You have a pair of horns on your head.
You reflexively headbutt those who attack you in melee.


Message History

You feel better.
The unseen horror simulacrum hits you but does no damage. x3
You slash the unseen horror simulacrum!
The unseen horror simulacrum vaporises!
Okawaru accepts your kill.
You hit the vampire but do no damage. The vampire casts a spell at you.
You resist with some effort. The vampire barely misses you.
The vampire bites you but does no damage.
You hit the vampire but do no damage. You headbutt the vampire.
The vampire is lightly damaged.
The vampire points at you and mumbles some strange words.
You resist with some effort.
You slash the vampire! You freeze the vampire.
The vampire is heavily damaged.
The vampire hits you!
* * * LOW HITPOINT WARNING * * *
The vampire barely misses you.
You hit the vampire. Your headbutt misses the vampire.
The vampire is severely damaged.
The vampire barely misses you.
The vampire bites you but does no damage.
You barely miss the vampire.
The vampire is severely damaged.
You closely miss the vampire. You headbutt the vampire!
The vampire is almost destroyed.
The vampire hits you!
* * * LOW HITPOINT WARNING * * *
You block the vampire's attack.
You slash the vampire!
You destroy the vampire!
Okawaru accepts your kill.
You can now speed up your combat.
You start resting.
A steam dragon comes into view.
The steam dragon hisses angrily.
There is an open door here.
The steam dragon breathes steam at you. The ball of steam hits you!
You die...

#..<...##........
#......##......##
#.............D#
#..............+
#..<...........#
#......##......#
######+##.....§#
######§#
#.....@### .
#........#~.§§
#...........§§
#.........#....
#.......### ...
#####+### ~. .


There were no monsters in sight!

Vanquished Creatures
  Prince Ribbit (D:6)
  Grinder (D:6)
  Sigmund (D:5)
  A vampire (D:9)
  A wraith (D:6)
  2 unseen horror simulacra (D:9)
  A steam dragon (D:8)
  3 water moccasins
  A sky beast (D:5)
  An ogre (D:7)
  6 ice beasts
  A black bear (D:4)
  A wolf (D:9)
  2 centaurs
  2 kobold brigands (D:8)
  2 bullfrogs
  2 scorpions (D:5)
  7 wights (D:8)
  4 killer bees (D:8)
  A hound (D:5)
  2 jellies
  4 orc priests (D:7)
  A sleepcap (D:4)
  Jessica (D:3)
  A gnoll bouda (D:6)
  4 iguanas
  2 orc wizards (D:7)
  Robin (D:3)
  6 gnolls (D:6)
  6 adders
  3 white imps
  2 ufetubi (D:7)
  3 worms
  2 dart slugs
  28 orcs
  10 ball pythons
  8 endoplasms
  5 giant cockroaches
  13 goblins
  10 hobgoblins
  4 jackals (D:1)
  12 kobolds
  3 quokkas
  6 bats
  3 frilled lizards
  3 rats
184 creatures vanquished.

Vanquished Creatures (others)
  A sky beast (D:8)
1 creature vanquished.

Grand Total: 185 creatures vanquished

Notes
Turn   | Place    | Note
-------+----------+-------------------------------------------
     0 | D:1      | tswift the Minotaur Fighter began the quest for the Orb.
     0 | D:1      | Reached XP level 1. HP: 19/19 MP: 0/0
   337 | D:1      | Reached XP level 2. HP: 27/27 MP: 1/1
   438 | D:1      | Reached skill level 3 in Axes
  1168 | D:2      | Reached XP level 3. HP: 32/33 MP: 2/2
  1385 | D:2      | Reached XP level 4. HP: 40/40 MP: 3/3
  1465 | D:2      | Found Xutsacs's Antique Weapon Emporium.
  1981 | D:3      | Noticed Robin
  1989 | D:3      | Reached skill level 4 in Axes
  1992 | D:3      | Killed Robin
  2648 | D:3      | Noticed Jessica
  2655 | D:3      | Killed Jessica
  2656 | D:3      | Reached XP level 5. HP: 47/47 MP: 4/4
  3255 | D:2      | Bought a runed war axe for 117 gold pieces
  3488 | D:4      | Noticed a sky beast
  3517 | D:5      | Entered Level 5 of the Dungeon
  3519 | D:5      | Killed a sky beast
  3520 | D:5      | Reached skill level 5 in Axes
  3520 | D:5      | Reached XP level 6. HP: 5/55 MP: 5/5
  3880 | D:4      | Reached skill level 5 in Fighting
  3880 | D:4      | Reached skill level 5 in Armour
  3880 | D:4      | Reached skill level 5 in Shields
  3966 | D:4      | Noticed an ice beast
  3979 | D:4      | Killed an ice beast
  3980 | D:4      | Found a glowing silver altar of Zin.
  4013 | D:4      | Reached skill level 6 in Axes
  4108 | D:4      | Noticed an ice beast
  4113 | D:4      | Killed an ice beast
  4114 | D:4      | Reached XP level 7. HP: 61/61 MP: 6/6
  4516 | D:5      | Found an iron altar of Okawaru.
  4550 | D:5      | Became a worshipper of Warmaster Okawaru
  4830 | D:5      | Noticed Sigmund
  5354 | D:5      | Killed Sigmund
  5355 | D:5      | Reached skill level 7 in Axes
  5567 | D:6      | Found a staircase to the Ecumenical Temple.
  5639 | D:6      | Reached XP level 8. HP: 70/70 MP: 7/7
  5706 | D:6      | Reached * piety under Okawaru
  5743 | D:6      | Reached skill level 8 in Axes
  5785 | D:6      | Noticed Prince Ribbit
  5792 | D:6      | Killed Prince Ribbit
  6001 | D:6      | Noticed Grinder
  6019 | D:6      | Killed Grinder
  6020 | D:6      | Reached skill level 9 in Axes
  6196 | D:6      | Reached ** piety under Okawaru
  6223 | D:6      | Reached XP level 9. HP: 79/79 MP: 8/8
  6560 | D:6      | Found a shimmering blue altar of Sif Muna.
  6939 | D:7      | Found a shimmering altar of Xom.
  6967 | D:7      | Found an ornate altar of the Wu Jian Council.
  6967 | D:7      | Found a blossoming altar of Fedhas.
  6969 | D:7      | Found a bloodstained altar of Trog.
  6969 | D:7      | Found a shimmering blue altar of Sif Muna.
  6969 | D:7      | Found an iron altar of Okawaru.
  7019 | D:7      | Found a bloodstained altar of Trog.
  7300 | D:7      | Found a stormy altar of Qazlal.
  7615 | D:7      | Reached skill level 10 in Axes
  7867 | D:8      | Reached *** piety under Okawaru
  8718 | D:8      | Reached skill level 11 in Axes
  8859 | D:8      | Found a blossoming altar of Fedhas.
  9545 | D:9      | Reached XP level 10. HP: 65/89 MP: 7/9
  9679 | D:9      | HP: 2/90 [vampire (7)]
  9680 | D:9      | Reached **** piety under Okawaru
  9695 | D:9      | Killed from afar by a steam dragon

Illustrated notes

Levels and vault maps discovered:
D:1:      amcnicky_arrival_feature_with_door, layout_basic
D:2:      layout_rooms, serial_shops, nicolae_shop_rolling_square,
          minmay_fractal_squares_5
D:3:      layout_basic, hangedman_glass_teeth, uniq_robin, uniq_jessica
D:4:      layout_basic, mainiacjoe_overflow_surrounded_room,
          nicolae_uskayaw_suspiria
D:5:      layout_basic, mainiacjoe_overflow_catwalk, uniq_sigmund
D:6:      layout_basic, mainiacjoe_overflow_six_doors_small,
          minmay_temple_entry_mini_moons, wad_rectangle_vault, uniq_duvessa,
          uniq_grinder, uniq_prince_ribbit1
D:7:      layout_basic, doesnt_xom_only_xom, grunt_qazlal_sundering,
          lemuel_crystal_altar
D:8:      layout_basic, fedhas_bush_and_centaur_altar,
          chequers_serial_rivers_micro_b, kennysheep_generic_room_14
D:9:      layout_gridville, serial_ice, serial_ice_e, serial_ice_a,
          serial_ice_m, serial_ice_i

Skill      XL: |  1  2  3  4  5  6  7  8  9 |
---------------+----------------------------+-----
Axes           | 3 4 5 6 7 9 11 | 11.4
Armour         | 4 5 6 7 8 |  8.7
Fighting       | 4 5 6 7 8 |  8.7
Shields        | 4 5 6 7 8 |  8.7

Action                     |  1- 3 |  4- 6 |  7- 9 | 10-12 || total
---------------------------+-------+-------+-------+-------++-------
  Melee: War axe           |    82 |    97 |   390 |    11 ||   580
         Headbutt          |    11 |    13 |    82 |     4 ||   110
  Throw: Stone             |     2 |     2 |       |       ||     4
    Use: Scroll            |       |       |    12 |       ||    12
         Potion            |       |       |     7 |     1 ||     8
 Armour: Scale mail        |    46 |    48 |    60 |       ||   154
         Chain mail        |       |       |    63 |    19 ||    82
  Dodge: Dodged            |    50 |    41 |   101 |    11 ||   203
  Block: Buckler           |    19 |    15 |    68 |     4 ||   106
